 Dungeon Crawl Stone Soup version 0.25-a0-547-g27a0b5d (webtiles) character file.

Game seed: 2083426956990594702, levelgen mode: deterministic

44 Ax0z the Chopper (level 3, -1/31 HPs)
             Began as a Minotaur Gladiator on Feb 22, 2020.
             Slain by an orc wizard
             ... wielding a +1 dagger of protection
              (2 damage)
             ... on level 3 of the Dungeon.
             The game lasted 00:07:53 (1369 turns).

Ax0z the Chopper (Minotaur Gladiator)               Turns: 1369, Time: 00:07:56

Health: -1/31      AC:  5    Str: 24    XL:     3   Next: 39%
Magic:  2/2        EV: 10    Int:  5    God:
Gold:   110        SH:  8    Dex: 11    Spells: 2/2 levels left

rFire    . . .     SeeInvis .   a - +0 war axe
rCold    . . .     Gourm    .   k - +0 kite shield
rNeg     . . .     Faith    .   b - +0 leather armour
rPois    .         Spirit   .   c - +0 hat
rElec    .         Reflect  .   (no cloak)
rCorr    .         Harm     .   (no gloves)
MR       .....                  i - +1 pair of boots
Stlth    +.........             (no amulet)
HPRegen  0.10/turn              e - +5 ring of strength
MPRegen  0.08/turn              (no ring)

@: no status effects
A: retaliatory headbutt, horns 2
a: no special abilities


You were on level 3 of the Dungeon.
You were not hungry.

You visited 1 branch of the dungeon, and saw 3 of its levels.

You collected 110 gold pieces.

Inventory:

Hand Weapons
 a - a +0 war axe (weapon)
 n - a +0 war axe
 p - a +0 whip
 w - a +0 hunting sling
 y - a +0 short sword
Missiles
 d - 3 throwing nets (quivered)
 l - 24 arrows
 t - 34 stones
Armour
 b - a +0 leather armour (worn)
 c - a +0 hat (worn)
 i - a +1 pair of boots (worn)
 k - a +0 kite shield (worn)
 m - a +0 plate armour
 v - a cursed +0 plate armour
 x - a +0 ring mail
Jewellery
 e - a +5 ring of strength (left hand)
Scrolls
 j - a scroll of amnesia
 o - a scroll of fog {unknown}
 r - a scroll of enchant armour {unknown}
Potions
 g - 3 potions of might {unknown}
 h - a potion of lignification {unknown}
 q - a potion of brilliance {unknown}
 s - a potion of flight {unknown}
 u - a potion of curing {unknown}
Comestibles
 f - 2 rations


   Skills:
 + Level 3.1 Fighting
 + Level 4.2 Axes
 + Level 2.1 Throwing
 + Level 0.3 Armour
 + Level 4.0 Dodging
 + Level 0.1 Shields


You had 2 spell levels left.
You didn't know any spells.
Your spell library was empty.

Dungeon Overview and Level Annotations

Branches:
Dungeon (3/15)

Altars:


Innate Abilities, Weirdness & Mutations

You reflexively headbutt those who attack you in melee.
You have a pair of horns on your head.


Message History

You barely miss something. Your headbutt misses something.
You hear some strange, mumbled words.
Something tries to affect you, but you resist.
Something hits you.
You hit something. Something hits you.
You hit something but do no damage. Something hits you.
You barely miss something. You headbutt something!
Something hits you but does no damage. Something hits you.
Your shield prevents you from hitting something.
You hear some strange, mumbled words.
A magic dart appears from out of thin air!
The magic dart hits you.
* * * LOW HITPOINT WARNING * * *
You miss something.
You hear some strange, mumbled words.
A puff of flame appears from out of thin air!
The puff of flame hits you.
* * * LOW HITPOINT WARNING * * *
Something hits you.
You die...

#......# #......#
#......# #......
..... .o. #o# #{#
#@# #.# #.# ##†#
#..# ##. # #.##
##.. #.###.# #..
#...#.# ##.######
#...####.......##


You could see 2 orcs.

Vanquished Creatures
  2 adders (D:2)
  A leopard gecko (D:1)
  An orc (D:3)
  4 bats
  2 giant cockroaches
  4 goblins
  2 hobgoblins (D:2)
  A kobold (D:3)
  A quokka (D:3)
  2 frilled lizards
  2 rats
22 creatures vanquished.

Notes
Turn   | Place    | Note
-------+----------+-------------------------------------------
     0 | D:1      | Ax0z the Minotaur Gladiator began the quest for the Orb.
     0 | D:1      | Reached XP level 1. HP: 18/18 MP: 0/0
   526 | D:1      | Reached XP level 2. HP: 20/25 MP: 1/1
   924 | D:2      | Reached XP level 3. HP: 31/31 MP: 2/2
  1369 | D:3      | HP: 1/31 [something/puff of flame (6)]
  1369 | D:3      | Slain by an orc wizard

Levels and vault maps discovered:
D:1:      shiori_arrival_whats_in_store_for_you, layout_basic
D:2:      layout_loops_ring, nrook_mini_backslash, minivault_5
D:3:      layout_rooms, nicolae_overflow_hidden_temple, first_ration,
          minmay_shallow_snake_nest

Skill      XL: |  1  2  3 |
---------------+----------+-----
Axes           | 4 |  4.2
Fighting       | 3 |  3.1
Dodging        | 4 |  4.0
Throwing       | |  2.1
Armour         | |  0.3
Shields        | |  0.1

Action                   || total
-------------------------++-------
Melee: War axe           ||    43
       Headbutt          ||     6
  Use: Scroll            ||     5
  Eat: Ration            ||     1
Armor: Leather armour    ||    15
Dodge: Dodged            ||    26
Block: Kite shield       ||    10

Table legend:
 A = Non-vault XP
 B = Vault XP
 C = Vault XP percentage of total XP
 D = Non-vault monster count
 E = Vault monster count
 F = Vault count percentage of total count
                 A         B        C        D         E       F
            +---------+---------+-------+---------+---------+-------
      Total |      63 |       0 |   0.0 |      22 |       0 |   0.0
            +---------+---------+-------+---------+---------+-------
        D:1 |      14 |       0 |   0.0 |       8 |       0 |   0.0
        D:2 |      39 |       0 |   0.0 |       9 |       0 |   0.0
        D:3 |      10 |       0 |   0.0 |       5 |       0 |   0.0
            +---------+---------+-------+---------+---------+-------
